 Dungeon Crawl Stone Soup version 0.30-a0-390-g80c34de65d (webtiles) character file.

Game seed: 15595611645557448066

179 blackman the Charlatan (level 5, -2/41 HPs)
             Began as a Human Delver on Dec 5, 2022.
             Slain by a wight
             ... wielding a +2 flail
              (7 damage)
             ... on level 6 of the Dungeon.
             The game lasted 00:01:40 (176 turns).

blackman the Charlatan (Human Delver)                Turns: 176, Time: 00:01:41

Health: -2/41      AC:  3    Str: 13    XL:     5   Next: 90%
Magic:  5/5        EV: 12    Int: 12    God:
Gold:   0          SH:  0    Dex: 14    Spells: 4/4 levels left

rFire   . . .      SeeInvis .    a - +0 falchion
rCold   . . .      Faith    .    (no shield)
rNeg    . . .      Spirit   .    b - +0 leather armour
rPois   .          Reflect  .    (no helmet)
rElec   .          Harm     .    (no cloak)
rCorr   .          Rampage  .    (no gloves)
Will    .....                    (no boots)
Stlth   +++.......               (no amulet)
HPRegen 0.26/turn                (no ring)
MPRegen 0.09/turn                (no ring)

@: no status effects
A: no striking features
a: no special abilities


You were on level 6 of the Dungeon.
You visited 1 branch of the dungeon, and saw 2 of its levels.

Inventory:

Hand Weapons
 a - a +0 falchion (weapon)
Armour
 b - a +0 leather armour (worn)
Wands
 e - a wand of iceblast (4)
 g - a wand of digging (3)
Scrolls
 c - a scroll of fog
 d - a scroll of magic mapping
 h - a scroll of teleportation {unknown}
 j - a scroll of fear
Potions
 f - a potion of haste
 i - a potion of attraction {unknown}


   Skills:
 - Level 3.0 Fighting
 - Level 2.0 Long Blades
 - Level 2.0 Dodging
 - Level 5.0 Stealth
 * Level 5.1 Evocations


You had 4 spell levels left.
You didn't know any spells.
Your spell library was empty.

Dungeon Overview and Level Annotations

Branches:
Dungeon (6/15)
 Temple: D:4-7

Altars:


Message History

The wight partially resists.
You destroy the wight!
The iceblast engulfs the wight!
The wight partially resists.
You destroy the wight!
The iceblast engulfs the wight!
The wight partially resists.
You destroy the wight!
Your Evocations skill gained 3 levels and is now at level 5!
You have reached level 4!
You feel stronger.
You have reached level 5!
Aiming: Iceblast
Press: ? - help, Shift-Dir - straight line The mass of ice explodes!
The iceblast engulfs the wight.
The wight partially resists.
The wight is moderately damaged.
The iceblast engulfs the wight!
The wight partially resists.
The wight is heavily damaged.
Aiming: Iceblast
Press: ? - help, Shift-Dir - straight line
Okay, then.
Aiming: Iceblast
Press: ? - help, Shift-Dir - straight line The mass of ice explodes!
The iceblast engulfs the wight!
The wight partially resists.
The wight is almost destroyed.
Aiming: Iceblast
Press: ? - help, Shift-Dir - straight line That beam is likely to hit you.
Continue anyway?
Uppercase [Y]es or [N]o only, please.
That beam is likely to hit you.
Continue anyway?
The mass of ice explodes!
The iceblast engulfs the wight.
The wight is almost destroyed.
The iceblast engulfs you!!
Ouch! That really hurt!
* * * LOW HITPOINT WARNING * * *
The iceblast engulfs the wight!!
The wight partially resists.
You destroy the wight!
You hear a shout!
The wight hits you with a +2 flail!
You die...

#.#.# #.#.#
####+#######
#?#.########..........
....g.....##......(..
#.#.#####.##........
..#.# #.# ....).. ###.#
#.# #)).#
..#####.#######)#####
####..........@z....#
######.######..######.#
......................#
...#+##.....####...P..#
# #.P#### ##+##.## ####
#.# #.# #.# ..#


You could see a wight.

Vanquished Creatures
  4 wights (D:6)
  An orc wizard (D:5)
  An orc (D:5)
6 creatures vanquished.

Vanquished Creatures (others)
  13 plants
13 creatures vanquished.

Grand Total: 19 creatures vanquished

Notes
Turn   | Place    | Note
-------+----------+-------------------------------------------
     0 | D:5      | blackman the Human Delver began the quest for the Orb.
     0 | D:5      | Reached XP level 1. HP: 18/18 MP: 1/1
    47 | D:5      | Noticed an orc wizard
    50 | D:5      | Noticed an orc priest
   100 | D:5      | Killed an orc wizard
   101 | D:5      | Reached XP level 2. HP: 24/24 MP: 2/2
   101 | D:5      | Reached XP level 3. HP: 29/29 MP: 3/3
   168 | D:6      | Noticed a wight
   168 | D:6      | Noticed a wight
   168 | D:6      | Noticed a wight
   168 | D:6      | Noticed a wight
   170 | D:6      | Noticed a wight
   172 | D:6      | Killed a wight
   172 | D:6      | Killed a wight
   172 | D:6      | Killed a wight
   173 | D:6      | Reached skill level 5 in Evocations
   173 | D:6      | Reached XP level 4. HP: 22/35 MP: 4/4
   173 | D:6      | Reached XP level 5. HP: 26/41 MP: 5/5
   176 | D:6      | Slain by a wight

Illustrated notes

Levels and vault maps discovered:
D:5:      minmay_diamond_boxcup, layout_basic, mainiacjoe_overflow_tiny_flanked,
          serial_bayou, serial_bayou_shore_b, serial_bayou_pond_c,
          serial_bayou_pond_a, serial_bayou_lagoon_b,
          hangedman_abyss_or_decor_jellyfish_corner, minmay_fractal_squares_5
D:6:      corexii_shantytown, layout_basic, general_overflow_altar,
          lemuel_round_altar, uniq_grinder, uniq_sigmund

Skill      XL: |  1  2  3 |
---------------+----------+-----
Evocations     | 2 5 |  5.1
Fighting       | |  3.0
Long Blades    | |  2.0
Dodging        | |  2.0
Stealth        | |  5.0

Action                   |  1- 3 |  4- 6 || total
-------------------------+-------+-------++-------
Melee: Falchion          |     7 |       ||     7
Evoke: Wand              |     5 |     3 ||     8
  Use: Scroll            |     1 |       ||     1
Dodge: Dodged            |     4 |       ||     4

Table legend: (Time is in decaauts)
 A = Elapsed time spent in this place.
 B = Non-inter-level travel time spent in this place.
 C = Inter-level travel time spent in this place.
 D = Time resting spent in this place.
 E = Time spent auto-exploring this place.
 F = Levels seen in this place.
 G = Mean time per level.
                   A        B        C        D        E       F      G
               +--------+--------+--------+--------+--------+-----+--------+
         Total |    183 |    183 |      0 |      8 |     50 |   2 |   91.5 |
       Dungeon |    183 |    183 |      0 |      8 |     50 |   2 |   91.5 |
               +--------+--------+--------+--------+--------+-----+--------+

Top non-repeatable levels by time:
     D:5: 136 daAuts
     D:6: 47 daAuts
